 Dungeon Crawl Stone Soup version 0.27-a0-1081-ge8a0a9c698 (webtiles) character file.

Game seed: 7889672529765721678

1086 tardwrangler69 the Spear-Bearer (level 8, -9/94 HPs)
             Began as a Merfolk Gladiator on Apr 25, 2021.
             Was a Follower of Okawaru.
             Mangled by an ogre
             ... wielding a +0 giant club
              (13 damage)
             ... on level 4 of the Dungeon.
             The game lasted 00:05:47 (5334 turns).

tardwrangler69 the Spear-Bearer (Merfolk Gladiator) Turns: 5334, Time: 00:05:48

Health: -9/94      AC: 24    Str: 17    XL:     8   Next: 30%
Magic:  8/8        EV:  2    Int:  7    God:    Okawaru [*.....]
Gold:   529        SH:  0    Dex: 15    Spells: 7/7 levels left

rFire    . . .     SeeInvis .   a - +0 trident
rCold    . . .     Faith    .   (no shield)
rNeg     + + +     Spirit   .   (armour currently unavailable)
rPois    +         Reflect  .   (helmet currently unavailable)
rElec    .         Harm     .   (cloak currently unavailable)
rCorr    .         Rampage  .   (gloves currently unavailable)
Will     .....     NoTele   +   (boots currently unavailable)
Stlth    +.........             (no amulet)
HPRegen  0.25/turn              (no ring)
MPRegen  0.11/turn              (no ring)

@: tree-form
A: stationary, stasis, torment immunity, boosted hp, (nimble swimmer 2),
(mertail)
a: Renounce Religion, Heroism


You were on level 4 of the Dungeon.
You worshipped Okawaru.
Okawaru was aware of your devotion.
You were a tree.
You visited 1 branch of the dungeon, and saw 5 of its levels.
You also visited: Sewer and Ossuary.

You collected 529 gold pieces.

Inventory:

Hand Weapons
 a - a +0 trident (weapon)
Missiles
 d - 3 throwing nets (quivered)
 o - 5 atropa-tipped darts
Armour
 b - a +0 leather armour (melded)
 f - a +0 pair of boots (melded)
 g - a +0 chain mail
 p - a +1 hat of willpower (melded)
Wands
 n - a wand of iceblast (10)
Scrolls
 c - 2 scrolls of magic mapping
 e - 2 scrolls of blinking {unknown}
 h - a scroll of noise {unknown}
 i - 2 scrolls of vulnerability {unknown}
 k - 2 scrolls of fog {unknown}
 l - 2 scrolls of teleportation
 m - a scroll of acquirement {unknown}
 q - a scroll of identify {unknown}


   Skills:
 + Level 5.5 Fighting
 * Level 10.5 Polearms
 - Level 2.0 Throwing
 + Level 7.3 Dodging


You had 7 spell levels left.
You didn't know any spells.
Your spell library contained the following spells:

 Spells                   Type           Power      Damage    Failure   Level
 Animate Skeleton         Necr           0%         N/A       43%         1
 Apportation              Tloc           0%         N/A       43%         1
 Corona                   Hex            0%         N/A       43%         1
 Summon Small Mammal      Summ           0%         N/A       43%         1
 Call Imp                 Summ           0%         N/A       56%         2
 Call Canine Familiar     Summ           0%         N/A       80%         3
 Confusing Touch          Hex            0%         N/A       80%         3
 Dazzling Flash           Conj/Hex       0%         N/A       80%         3
 Gell's Gravitas          Tloc           0%         N/A       80%         3
 Summon Guardian Golem    Hex/Summ       0%         N/A       80%         3
 Petrify                  Tmut/Erth      0%         N/A       99%         4
 Summon Ice Beast         Ice/Summ       0%         N/A       99%         4
 Summon Lightning Spire   Summ/Air       0%         N/A       99%         4
 Metabolic Englaciation   Hex/Ice        0%         N/A       100%        5
 Yara's Violent Unravell  Hex/Tmut       0%         3d3       100%        5
 Statue Form              Tmut/Erth      0%         N/A       100%        6
 Orb of Destruction       Conj           0%         N/A       100%        7


Dungeon Overview and Level Annotations

Branches:
Dungeon (5/15)             Temple (0/1) D:4           Sewer (visited)
Ossuary (visited)

Altars:
Okawaru
Ru

Shops:
D:1 =


Innate Abilities, Weirdness & Mutations

You are a tree.
Your roots penetrate the ground, keeping you stationary.
You cannot be teleported.
You are immune to unholy pain and torment.
Your maximum health is greatly increased.
Your equipment is partially melded.
((You are quick and stealthy near water. (Stealth+, EV+, Speed+++)))
((Your lower body shifts to a powerful aquatic tail in water.))


Message History

You hit the ogre.
The ogre is lightly wounded.
The orc hits you but does no damage.
The orc priest hits you but does no damage.
The ogre barely misses you.
You closely miss the ogre.
The ogre is lightly wounded.
The orc hits you but does no damage. x2
The orc priest hits you but does no damage.
You hit the ogre.
The ogre is moderately wounded.
The ogre hits you but does no damage. The orc hits you but does no damage.
You hit the ogre.
The ogre is heavily wounded.
The orc barely misses you.
The orc priest hits you but does no damage.
The orc completely misses you.
You barely miss the ogre.
The ogre is heavily wounded.
The ogre hits you with a +0 giant club!
* * * LOW HITPOINT WARNING * * *
The orc hits you but does no damage.
The orc priest hits you but does no damage.
You hit the ogre.
The ogre is severely wounded.
The orc hits you but does no damage. The orc hits you with a +0 mace.
* * * LOW HITPOINT WARNING * * *
The ogre hits you with a +0 giant club!!
* * * LOW HITPOINT WARNING * * *
The orc priest hits you but does no damage.
You hit the ogre.
The ogre is almost dead.
The orc hits you with a +0 whip.
* * * LOW HITPOINT WARNING * * *
The orc hits you but does no damage.
You barely miss the ogre.
The ogre is almost dead.
The orc priest begins to cast a cantrip, but forgets the words!
The ogre hits you with a +0 giant club!
You die...

#.........#.##.########.##...
#.........#.#.....#........##
##.......##.............#....
##.....##........).....#.##.
########...................
#....(...........###
#..<.............#
#.Oo)............#
#.#♣o...........##
###.##o....#.....##
#........######### #.#.###.##
#...# #.# ##### #.####
#....##### ####.....#######
#####........


You could see an ogre, an orc priest and 2 orcs.

Vanquished Creatures
  Sigmund (D:2)
  An ice beast (D:4)
  2 ogres (D:4)
  2 elf zombies (Ossuary)
  2 bullfrogs (Sewer)
  A centaur zombie (Ossuary)
  2 orc priests (D:4)
  Jessica (D:3)
  2 iguanas
  3 mummies
  A howler monkey skeleton (D:4)
  4 adders
  2 river rats (D:3)
  2 worms
  3 dart slugs
  5 orcs (D:4)
  9 endoplasms
  6 giant cockroaches
  7 goblins
  7 hobgoblins
  6 jackals
  7 kobolds
  9 quokkas
  8 ball pythons
  7 bats
  6 frilled lizards
  5 gnoll zombies (Ossuary)
  2 goblin zombies (Ossuary)
  3 hobgoblin zombies (Ossuary)
  An orc zombie (Ossuary)
  5 rats
122 creatures vanquished.

Notes
Turn   | Place    | Note
-------+----------+-------------------------------------------
     0 | D:1      | tardwrangler69 the Merfolk Gladiator began the quest for
                  | the Orb.
     0 | D:1      | Reached XP level 1. HP: 16/16 MP: 1/1
   153 | D:1      | Found Keroaw's Jewellery Shoppe.
   245 | D:1      | Reached XP level 2. HP: 9/23 MP: 2/2
   475 | D:1      | Reached skill level 5 in Polearms
   617 | D:1      | Reached XP level 3. HP: 20/28 MP: 3/3
  1502 | D:2      | Reached XP level 4. HP: 32/34 MP: 4/4
  1989 | D:2      | Noticed Sigmund
  2016 | D:2      | Killed Sigmund
  2017 | D:2      | Reached skill level 7 in Polearms
  2017 | D:2      | Reached skill level 5 in Dodging
  2017 | D:2      | Reached XP level 5. HP: 14/42 MP: 5/5
  2017 | D:2      | Reached XP level 6. HP: 16/48 MP: 6/6
  2449 | D:3      | Noticed Jessica
  2678 | D:3      | Killed Jessica
  2907 | D:3      | Found an iron altar of Okawaru.
  3024 | D:3      | Found a glowing drain.
  3046 | Sewer    | Entered a sewer
  3147 | Sewer    | Reached skill level 8 in Polearms
  3279 | Sewer    | Reached XP level 7. HP: 21/55 MP: 7/7
  3715 | D:3      | Became a worshipper of Warmaster Okawaru
  3744 | D:3      | Found a sacrificial altar of Ru.
  3760 | D:3      | Identified the Disquisition on Destructive Clay
  3869 | D:4      | Reached skill level 9 in Polearms
  4276 | D:4      | Found a staircase to the Ecumenical Temple.
  4287 | D:4      | Reached skill level 5 in Fighting
  4353 | D:4      | Found a sand-covered staircase.
  4366 | Ossuary  | Entered an ossuary
  4410 | Ossuary  | Reached * piety under Okawaru
  4411 | Ossuary  | Reached XP level 8. HP: 26/62 MP: 8/8
  4435 | Ossuary  | Reached skill level 10 in Polearms
  5042 | D:5      | Entered Level 5 of the Dungeon
  5333 | D:4      | HP: 3/94 [orc/+0 whip (2)]
  5334 | D:4      | Mangled by an ogre

Illustrated notes

Levels and vault maps discovered:
D:1:      scummos_arrival_forest, layout_basic, serial_shops, shop, st_stairs_8
D:2:      cheibrodos_helix_gallery, layout_basic, uniq_sigmund
D:3:      layout_rooms, nicolae_ru_awakened_eye, okawaru_gym_becter,
          portal_sewer_entry_b, st_stairs_1, uniq_jessica
D:4:      layout_rooms, minmay_temple_entry_ruins, gup_ossuary_entry_pyramid,
          minmay_quantized
D:5:      layout_gridville, kennysheep_little_box, hangedman_decor_lopped,
          uniq_pikel

Skill      XL: |  1  2  3  4  5  6  7  8 |
---------------+-------------------------+-----
Polearms       | 5 7 8 9 10 | 10.5
Fighting       | 3 4 5 |  5.5
Dodging        | 5 6 7 |  7.3
Throwing       | |  2.0

Action                   |  1- 3 |  4- 6 |  7- 9 || total
-------------------------+-------+-------+-------++-------
Melee: Trident           |   128 |   144 |   215 ||   487
       Tailslap          |       |     1 |     1 ||     2
  Use: Potion            |       |     4 |     4 ||     8
       Scroll            |       |       |     2 ||     2
 Stab: Sleeping          |     3 |     3 |     3 ||     9
Armor: Leather armour    |    27 |    31 |    28 ||    86
       Skin              |       |       |    23 ||    23
Dodge: Dodged            |    73 |    80 |   119 ||   272

Table legend: (Time is in decaauts)
 A = Elapsed time spent in this place.
 B = Non-inter-level travel time spent in this place.
 C = Inter-level travel time spent in this place.
 D = Time resting spent in this place.
 E = Time spent auto-exploring this place.
 F = Levels seen in this place.
 G = Mean time per level.
                   A        B        C        D        E       F      G
               +--------+--------+--------+--------+--------+-----+--------+
         Total |   5231 |   5089 |    142 |      0 |   4252 |   7 |  747.3 |
       Dungeon |   4280 |   4138 |    142 |      0 |   3495 |   5 |  856.0 |
         Sewer |    524 |    524 |      0 |      0 |    436 |   1 |  524.0 |
       Ossuary |    426 |    426 |      0 |      0 |    320 |   1 |  426.0 |
               +--------+--------+--------+--------+--------+-----+--------+

Top non-repeatable levels by time:
     D:2: 1443 daAuts
     D:1: 1171 daAuts
     D:4: 1008 daAuts
     D:3: 635 daAuts
   Sewer: 524 daAuts
 Ossuary: 426 daAuts
     D:5: 21 daAuts
